 Dungeon Crawl Stone Soup version 0.26-a0-540-g8a0c9464d7 (webtiles) character file.

Game seed: 9564068749335899736

16744 Lauz the Fencer (level 12, -5/104 HPs)
             Began as a Minotaur Fighter on Aug 19, 2020.
             Was a High Priest of Okawaru.
             Killed from afar by a swamp dragon (14 damage)
             ... with a blast of poison
             ... on level 13 of the Dungeon on Aug 21, 2020.
             The game lasted 00:32:42 (15047 turns).

Lauz the Fencer (Minotaur Fighter)                 Turns: 15047, Time: 00:32:43

Health: -5/104     AC: 17    Str: 34    XL:     12   Next: 12%
Magic:  11/11      EV: 12    Int:  9    God:    Okawaru [*****.]
Gold:   1016       SH: 15    Dex: 22    Spells: 11/11 levels left

rFire    . . .     SeeInvis .   b - +1 scimitar (flame)
rCold    . . .     Faith    .   c - +0 kite shield
rNeg     . . .     Spirit   .   E - +0 chain mail
rPois    .         Reflect  .   C - +2 hat of the Thoughtful Realms {Str+4 Int+4 Dex+4}
rElec    .         Harm     .   (no cloak)
rCorr    .                      w - +0 pair of gloves (curse)
MR       .....                  J - +1 pair of boots {Stlth+}
Stlth    ..........             (no amulet)
HPRegen  0.27/turn              i - +6 ring of strength
MPRegen  0.12/turn              L - +6 ring of dexterity

@: lethally poisoned (-5 -> -35)
A: retaliatory headbutt, horns 2
a: Heroism, Finesse, Renounce Religion


You were on level 13 of the Dungeon.
You worshipped Okawaru.
Okawaru was extremely pleased with you.
You visited 2 branches of the dungeon, and saw 15 of its levels.
You also visited: Bailey.

You collected 1016 gold pieces.

Inventory:

Hand Weapons
 a - a +0 long sword
 b - a +1 scimitar of flaming (weapon)
Armour
 c - a +0 kite shield (worn)
 w - a cursed +0 pair of gloves (worn)
 C - the +2 hat of the Thoughtful Realms (worn) {Str+4 Int+4 Dex+4}
   (Okawaru gifted it to you in a bailey)

   It affects your strength (+4).
   It affects your intelligence (+4).
   It affects your dexterity (+4).
 E - a +0 chain mail (worn)
 F - a +0 hat
 J - a +1 pair of boots of stealth (worn)
Jewellery
 i - a +6 ring of strength (left hand)
 t - an uncursed ring of flight
 y - an uncursed ring of protection from magic
 D - an uncursed ring of protection from cold {unknown}
 K - a +4 ring of evasion
 L - a +6 ring of dexterity (right hand)
 N - a +4 ring of protection
Wands
 o - a wand of random effects (16)
 x - a wand of polymorph (20)
 B - a wand of flame (27)
Scrolls
 d - a scroll of enchant armour
 e - 13 scrolls of remove curse {unknown}
 f - 15 scrolls of identify
 j - a scroll of magic mapping
 n - 3 scrolls of amnesia
 p - 4 scrolls of teleportation
 r - a scroll of immolation {unknown}
 s - a scroll of noise {unknown}
 H - 2 scrolls of blinking
 I - a scroll of fog
Potions
 g - 3 potions of heal wounds
 h - a potion of ambrosia {unknown}
 l - a potion of degeneration {unknown}
 m - 4 potions of brilliance {unknown}
 q - 2 potions of flight {unknown}
 u - a potion of stabbing {unknown}
 v - 2 potions of mutation {unknown}
 z - 2 potions of magic {unknown}
 A - 3 potions of lignification {unknown}
 G - a potion of invisibility {unknown}
 M - 2 potions of haste {unknown}


   Skills:
 + Level 9.2 Fighting
 * Level 15.3 Long Blades
 + Level 10.3 Armour
 + Level 4.9 Dodging
 + Level 11.3 Shields
 + Level 0.1 Invocations
 + Level 1.0 Evocations


You had 11 spell levels left.
You didn't know any spells.
Your spell library contained the following spells:

 Spells                   Type           Power        Failure   Level
 Beastly Appendage        Tmut           #.....       91%         1
 Magic Dart               Conj           #...         91%         1
 Shock                    Conj/Air       #...         91%         1
 Blink                    Tloc           N/A          97%         2
 Call Imp                 Summ           #.......     97%         2
 Slow                     Hex            #.......     97%         2
 Swiftness                Air            #.......     97%         2
 Wereblood                Tmut           #.......     97%         2
 Conjure Flame            Conj/Fire      #.......     100%        3
 Mephitic Cloud           Conj/Pois/Air  #.......     100%        3
 Spider Form              Tmut/Pois      #.........   100%        3
 Static Discharge         Conj/Air       #.......     100%        3
 Airstrike                Air            #.........   100%        4
 Ice Form                 Ice/Tmut       #.......     100%        4
 Leda's Liquefaction      Hex/Erth       #.........   100%        4
 Summon Ice Beast         Ice/Summ       #.......     100%        4
 Summon Lightning Spire   Summ/Air       #.......     100%        4
 Blade Hands              Tmut           #.........   100%        5
 Bolt of Magma            Conj/Fire/Erth #.........   100%        5
 Lightning Bolt           Conj/Air       #.........   100%        5
 Summon Demon             Summ           #.........   100%        5
 Iron Shot                Conj/Erth      #.........   100%        6
 Statue Form              Tmut/Erth      #........    100%        6
 Spellforged Servitor     Conj/Summ      #.........   100%        7
 Shatter                  Erth           #.........   100%        9


Dungeon Overview and Level Annotations

Branches:
Dungeon (14/15)            Temple (1/1) D:7            Lair (0/6) D:11
    Orc (0/2) D:12         Bailey (visited)
 Vaults: D:13-14

Altars:
Ashenzari
Cheibriados
Dithmenos
Elyvilon
Fedhas
Gozag
Hepliaklqana
Kikubaaqudgha
Makhleb
Nemelex Xobeh
Okawaru
Qazlal
Ru
Sif Muna
Trog
Uskayaw
Vehumet
Wu Jian
Xom
Yredelemnul
Zin
The Shining One

Shops:
D:11 [

Annotations:
D:14 Nessos


Innate Abilities, Weirdness & Mutations

You reflexively headbutt those who attack you in melee.
You have a pair of horns on your head.


Message History

The swamp dragon breathes poison at you.
The blast of poison engulfs you!
You are more poisoned.
* * * LOW HITPOINT WARNING * * *
You feel better.
You are engulfed in poison gas.
You are poisoned.
* * * LOW HITPOINT WARNING * * *
You feel sick.
You are engulfed in poison gas.
You are lethally poisoned!
* * * LOW HITPOINT WARNING * * *
x2 You feel very sick.
You block the swamp dragon's attack. The swamp dragon closely misses you.
You block the swamp dragon's attack.
* * * LOW HITPOINT WARNING * * *
You feel sick.
The swamp dragon breathes poison at you.
The blast of poison engulfs you!
You are more poisoned.
You die...

...........###..................#
..>......#.# *##..............#..
......?###.# ##...........##..#..
.#....####.###....(.....#####....
......#.##..###.##....[## #....#.
.............#○.......## ##..###
)..#.........☼☼...[...# ####
..####.....).○.D.....## ..#
#.......☼°☼@>.### ..#
##......○......# ###
###...........# ###......$..#
#####..#.## ######


You could see a swamp dragon (catching breath).

Vanquished Creatures
  Gastronok (D:10)
  Erica (D:10)
  A two-headed ogre (D:12)
  Nergalle (D:12)
  An orc knight (Bailey)
  An ugly thing (D:14)
  2 manticores
  A cyclops (D:11)
  2 centaur skeletons
  A kobold demonologist (D:13)
  A troll (D:11)
  A hornet (D:11)
  Prince Ribbit (D:8)
  A hippogriff (D:8)
  A wraith (D:11)
  22 yaks
  An acid dragon (D:9)
  A warg (D:12)
  2 water moccasins
  A porcupine (Bailey)
  2 phantoms
  14 orc warriors
  3 ice beasts
  4 sky beasts
  A black bear (D:8)
  An ogre (D:13)
  2 necrophages
  10 centaurs
  3 big kobolds
  2 bullfrogs
  A scorpion (D:4)
  A water moccasin skeleton (D:10)
  9 killer bees
  A howler monkey (D:10)
  A centaur zombie (D:11)
  4 jellies
  3 bullfrog skeletons
  3 hounds
  10 orc priests
  3 iron imps (D:5)
  5 iguanas
  13 orc wizards
  5 worker ants
  A hound skeleton (D:7)
  4 gnolls
  20 adders
  3 shadow imps
  A white imp (D:9)
  An ufetubus (D:5)
  An ooze (D:2)
  3 worms
  2 dart slugs
  3 leopard geckos
  69 orcs
  7 bats
  2 giant cockroaches
  13 goblins
  6 hobgoblins
  22 jackals
  9 quokkas
  4 ball pythons
  5 frilled lizards
  A jackal zombie (D:6)
  15 kobolds
  A leopard gecko zombie (D:9)
  A quokka skeleton (D:4)
  12 rats
351 creatures vanquished.

Vanquished Creatures (others)
  An adder (D:10)
  An orc (D:8)
2 creatures vanquished.

Grand Total: 353 creatures vanquished

Notes
Turn   | Place    | Note
-------+----------+-------------------------------------------
     0 | D:1      | Lauz the Minotaur Fighter began the quest for the Orb.
     0 | D:1      | Reached XP level 1. HP: 19/19 MP: 0/0
   203 | D:1      | Reached XP level 2. HP: 27/27 MP: 1/1
   502 | D:1      | Reached skill level 3 in Long Blades
   502 | D:1      | Reached XP level 3. HP: 32/33 MP: 2/2
  1112 | D:2      | Reached skill level 1 in Dodging
  1249 | D:2      | Reached XP level 4. HP: 34/40 MP: 3/3
  1892 | D:3      | Reached skill level 4 in Long Blades
  2120 | D:3      | Reached XP level 5. HP: 43/46 MP: 4/4
  2607 | D:4      | Reached skill level 5 in Long Blades
  2860 | D:4      | Reached XP level 6. HP: 46/52 MP: 5/5
  3048 | D:4      | Reached skill level 5 in Shields
  3097 | D:4      | Found a shadowy altar of Dithmenos.
  3116 | D:4      | Reached skill level 6 in Long Blades
  3444 | D:5      | Entered Level 5 of the Dungeon
  3628 | D:5      | Found a blossoming altar of Fedhas.
  3628 | D:5      | Found an ancient bone altar of Kikubaaqudgha.
  3633 | D:5      | Found a shimmering blue altar of Sif Muna.
  3635 | D:5      | Found a radiant altar of Vehumet.
  3644 | D:5      | Found a hazy altar of Hepliaklqana.
  3688 | D:5      | Found a basalt altar of Yredelemnul.
  3779 | D:5      | Noticed an ice beast
  3785 | D:5      | Killed an ice beast
  3785 | D:5      | Reached skill level 7 in Long Blades
  3785 | D:5      | Reached XP level 7. HP: 60/60 MP: 6/6
  4061 | D:5      | Found a hide-covered altar of Uskayaw.
  4062 | D:5      | Noticed a +0 dagger
  4062 | D:5      | Noticed a +0 hand axe
  4404 | D:5      | Found a burning altar of Makhleb.
  4422 | D:5      | Reached skill level 5 in Armour
  4529 | D:6      | Reached skill level 8 in Long Blades
  4840 | D:6      | Reached XP level 8. HP: 67/67 MP: 7/7
  4843 | D:6      | Reached skill level 5 in Fighting
  5326 | D:6      | Reached skill level 9 in Long Blades
  6008 | D:7      | Found a staircase to the Ecumenical Temple.
  6094 | Temple   | Entered the Ecumenical Temple
  6101 | Temple   | Became a worshipper of Warmaster Okawaru
  6294 | D:7      | Reached skill level 10 in Long Blades
  6432 | D:7      | Found an ornate altar of the Wu Jian Council.
  7038 | D:8      | Reached XP level 9. HP: 39/74 MP: 8/8
  7455 | D:7      | Reached * piety under Okawaru
  7774 | D:8      | Noticed Prince Ribbit
  7781 | D:8      | Killed Prince Ribbit
  7918 | D:8      | Reached skill level 11 in Long Blades
  9065 | D:9      | Reached ** piety under Okawaru
  9451 | D:9      | Identified the Tome of Companions
  9479 | D:9      | Reached skill level 12 in Long Blades
 10128 | D:10     | Entered Level 10 of the Dungeon
 10140 | D:10     | Reached XP level 10. HP: 83/83 MP: 9/9
 10617 | D:10     | Noticed Gastronok
 10641 | D:10     | Killed Gastronok
 10641 | D:10     | Reached *** piety under Okawaru
 10641 | D:10     | Reached **** piety under Okawaru
 10641 | D:10     | Reached skill level 13 in Long Blades
 10856 | D:10     | Noticed Erica
 10874 | D:10     | Killed Erica
 11119 | D:10     | Noticed Joseph
 11123 | D:10     | Noticed Joseph
 11123 | D:10     | Joseph changed into Joseph the big kobold
 11137 | D:10     | Killed Joseph the big kobold
 11225 | D:10     | Reached ***** piety under Okawaru
 11360 | D:10     | Reached XP level 11. HP: 91/91 MP: 10/10
 11828 | D:11     | Received a gift from Okawaru
 11828 | D:11     | Reached skill level 14 in Long Blades
 11830 | D:11     | Reached skill level 10 in Shields
 12515 | D:11     | Found an opulent altar of Gozag.
 12565 | D:11     | Found a staircase to the Lair.
 12597 | D:11     | Found Geskox's Antique Armour Emporium.
 12826 | D:12     | Noticed a two-headed ogre
 12833 | D:12     | Killed a two-headed ogre
 12997 | D:12     | Noticed Nergalle
 13009 | D:12     | Killed Nergalle
 13210 | D:12     | Reached skill level 10 in Armour
 13290 | D:12     | Found a staircase to the Orcish Mines.
 13321 | D:12     | Reached skill level 15 in Long Blades
 14165 | D:13     | Found a flagged portal.
 14179 | Bailey   | Entered a bailey
 14209 | Bailey   | Received a gift from Okawaru
 14223 | Bailey   | Reached XP level 12. HP: 41/104 MP: 11/11
 14630 | Bailey   | Got a crude hat {god gift}
 14641 | Bailey   | Identified the +2 hat of the Thoughtful Realms {Str+4 Int+4
                  | Dex+4} (Okawaru gifted it to you in a bailey)
 14955 | D:13     | Noticed a centaur warrior
 14967 | D:14     | Noticed Nessos
 14969 | D:14     | Reached skill level 1 in Evocations
 14979 | D:14     | Noticed a two-headed ogre
 15033 | D:13     | a centaur warrior changed into a swamp dragon
 15047 | D:13     | Killed from afar by a swamp dragon

Illustrated notes

Levels and vault maps discovered:
D:1:      kennysheep_arrival_seaside, layout_basic, patterned_corridor
D:2:      layout_rooms, amethyst_killhole
D:3:      layout_loops_corners, chequers_serial_rivers_micro_a
D:4:      layout_loops_ring, nicolae_dithmenos_shadow_blocks
D:5:      layout_basic, kennysheep_little_box, demons_altar,
          chequers_temple_overflow_minitemple, dancing_weapons_uskayaw
D:6:      layout_loops_ring
D:7:      layout_basic, marbit_many_paths, minmay_temple_entry_drinking_statues,
          kennysheep_generic_room_14
D:8:      layout_loops_ring, uniq_prince_ribbit1
D:9:      layout_stronghold
D:10:     layout_basic, chequers_serial_rivers_micro_a, uniq_erica, uniq_joseph,
          uniq_gastronok
D:11:     layout_cave_pools, lair_entry_dummy, basic_altar, serial_shops, shop
D:12:     layout_loops_corners, david_orc_3, uniq_nergalle
D:13:     layout_cave_pools, enter_bailey_3, ebering_ghost_xom
D:14:     layout_cave_pools, ximxim_vaults_locker_room, tgw_sif, serial_park,
          serial_park_avenue1, serial_park_square3
          [serial_park_minivault_5x5_3], serial_park_tiny_2,
          serial_park_tiny_pond, serial_park_tiny_1, uniq_nessos, uniq_rupert
Temple:   nicolae_temple_no_exploring_needed

Skill      XL: |  1  2  3  4  5  6  7  8  9 10 11 12 |
---------------+-------------------------------------+-----
Shields        | 4 5 6 7 8 9 10 11 | 11.3
Long Blades    | 3 4 5 7 8 10 12 13 15 | 15.3
Armour         | 4 5 7 8 9 10 | 10.3
Dodging        | 1 2 3 4 |  4.9
Fighting       | 4 5 6 7 9 |  9.2
Evocations     | 1 |  1.0
Invocations    | |  0.1

Action                   |  1- 3 |  4- 6 |  7- 9 | 10-12 || total
-------------------------+-------+-------+-------+-------++-------
Melee: Long sword        |   104 |   155 |   387 |    82 ||   728
       Headbutt          |    16 |    27 |    85 |   119 ||   247
       Scimitar          |       |       |       |   291 ||   291
Invok: Heroism           |       |       |       |     4 ||     4
Evoke: Wand              |       |       |       |    16 ||    16
  Use: Potion            |       |       |     1 |     7 ||     8
       Scroll            |       |       |     1 |     8 ||     9
Armor: Scale mail        |    63 |    48 |    91 |     3 ||   205
       Chain mail        |       |       |       |    70 ||    70
Dodge: Dodged            |    34 |    46 |   112 |   104 ||   296
Block: Kite shield       |    68 |    77 |   195 |   237 ||   577
       Rpst.: Long sword |     8 |    17 |    25 |     7 ||    57
       Scimitar          |       |       |       |    15 ||    15

Table legend: (Time is in decaauts)
 A = Elapsed time spent in this place.
 B = Non-inter-level travel time spent in this place.
 C = Inter-level travel time spent in this place.
 D = Time resting spent in this place.
 E = Time spent auto-exploring this place.
 F = Levels seen in this place.
 G = Mean time per level.
                   A        B        C        D        E       F      G
               +--------+--------+--------+--------+--------+-----+--------+
         Total |  15032 |  14437 |    595 |   4441 |   7709 |  16 |  939.5 |
       Dungeon |  14270 |  13675 |    595 |   3881 |   7708 |  14 | 1019.3 |
        Temple |     14 |     14 |      0 |      0 |      0 |   1 |   14.0 |
        Bailey |    747 |    747 |      0 |    560 |      1 |   1 |  747.0 |
               +--------+--------+--------+--------+--------+-----+--------+

Top non-repeatable levels by time:
     D:7: 1859 daAuts
     D:9: 1586 daAuts
     D:5: 1341 daAuts
    D:12: 1311 daAuts
    D:10: 1253 daAuts
     D:8: 1234 daAuts
    D:11: 1073 daAuts
     D:4: 1013 daAuts
     D:1: 938 daAuts
     D:3: 932 daAuts
     D:6: 929 daAuts
  Bailey: 747 daAuts
     D:2: 624 daAuts
    D:13: 154 daAuts
    D:14: 17 daAuts
